AoeStats
← Tonny

Oasis

509415324Analyzed
3v3 RM · 6d ago on Sep 26, 2026· 63m 31s· 6 players
Game mode
Random Map
Map size
Normal (6 player)
Population
200
Speed
Normal
Resources
Standard
Victory
Conquest
Starting age
Dark Age
Ending age
Imperial Age
RankedLock teamsTeams togetherTeam positionsShared explorationLock speedFull tech treeHidden civsTurbo modeCheats
Victory
Defeat
🇧🇩 Georgians · Bangladesh
665
+20
🇧🇩 Magyars · Bangladesh
649
+20
🇧🇩 Aztecs · Bangladesh
645
+20
🇷🇺 Byzantines · Russia
768
-20
🇷🇺 Britons · Russia
741
-20
🇷🇺 Bulgarians · Russia
731
-20
Tonny
11:00 Feudal Age
9:17 Loom
11:37 Double-Bit Axe
11:58 Horse Collar
20:39 Castle Age
19:49 Gold Mining
19:54 Fletching
21:25 Husbandry
20:47 Elite Skirmisher
21:43 Bow Saw
21:41 Heavy Plow
24:41 Padded Archer Armor
26:14 Squires
26:49 Fervor
26:38 Stone Mining
29:57 Wheelbarrow
31:52 Gold Shaft Mining
31:34 Hand Cart
33:34 Bodkin Arrow
33:59 Caravan
36:04 Scale Barding Armor
43:33 Imperial Age
41:10 Treadmill Crane
41:56 Ballistics
42:58 Chain Barding Armor
45:39 Two-Man Saw
45:41 Forging
46:07 Plate Barding Armor
46:08 Conscription
45:30 Heavy Camel Rider
49:17 Iron Casting
49:43 Murder Holes
58:19 Bracer
59:21 Chemistry
Hello, this is scout!
11:48 Feudal Age
12:17 Loom
12:19 Double-Bit Axe
12:18 Horse Collar
20:55 Castle Age
23:01 Bow Saw
22:52 Stone Mining
22:53 Gold Mining
23:46 Wheelbarrow
23:35 Gold Mining
24:09 Heavy Plow
24:59 Caravan
27:56 Hand Cart
30:37 Gold Shaft Mining
40:17 Imperial Age
37:54 Padded Archer Armor
37:44 Fletching
41:01 Leather Archer Armor
40:42 Bodkin Arrow
40:21 Capped Ram
41:56 Conscription
41:00 Crossbowman
41:17 Cranequins
44:34 Two-Man Saw
43:01 Arbalester
44:10 Bracer
44:41 Ring Archer Armor
47:02 Chemistry
46:35 Murder Holes
46:54 Masonry
51:02 Arrowslits
59:45 Ballistics
SAM[OGB]
0:29 Loom
12:53 Feudal Age
15:01 Double-Bit Axe
15:00 Horse Collar
23:30 Castle Age
24:41 Arson
24:20 Elite Skirmisher
25:27 Fletching
26:46 Wheelbarrow
33:27 Gambesons
34:49 Bodkin Arrow
37:47 Squires
37:57 Thumb Ring
39:12 Bow Saw
39:16 Pikeman
45:47 Padded Archer Armor
59:40 Hand Cart
bk1400
3:02 Loom
11:37 Feudal Age
15:27 Bloodlines
15:35 Scale Barding Armor
18:39 Double-Bit Axe
23:59 Castle Age
24:59 Bow Saw
28:46 Gold Mining
28:46 Stone Mining
29:20 Chain Barding Armor
34:26 Husbandry
38:23 Imperial Age
39:29 Corvinian Army
40:23 Plate Barding Armor
42:43 Horse Collar
43:18 Elite Magyar Huszar
52:27 Cavalier
58:36 Pikeman
Ashura
6:26 Loom
9:56 Feudal Age
10:33 Double-Bit Axe
11:12 Horse Collar
15:50 Bloodlines
17:19 Forging
18:27 Horse Collar
22:44 Castle Age
21:11 Stone Mining
21:39 Fletching
21:52 Padded Archer Armor
22:33 Scale Barding Armor
23:27 Husbandry
24:43 Bodkin Arrow
26:34 Leather Archer Armor
30:37 Iron Casting
31:30 Wheelbarrow
34:42 Chain Barding Armor
34:51 Town Watch
37:02 Ballistics
37:38 Hand Cart
37:27 Scale Mail Armor
36:59 Elite Skirmisher
40:58 Imperial Age
41:12 Town Patrol
41:30 Cavalier
44:55 Blast Furnace
44:31 Plate Barding Armor
47:43 Parthian Tactics
48:21 Bracer
52:13 Conscription
51:43 Heavy Cavalry Archer
57:03 Bow Saw
56:43 Gold Mining
57:28 Stone Shaft Mining
56:56 Heavy Plow
60:09 Crop Rotation
61:49 Elite Monaspa
63:15 Aznauri Cavalry
63:47 Hoardings
62:42 Sappers
64:04 Coinage
63:34 Caravan
ChotoPilot
6:12 Loom
11:04 Feudal Age
11:31 Double-Bit Axe
13:39 Wheelbarrow
13:07 Horse Collar
20:03 Castle Age
18:51 Stone Mining
19:58 Scale Mail Armor
20:09 Forging
19:48 Arson
21:09 Bow Saw
23:29 Heavy Plow
26:46 Hand Cart
35:56 Chain Mail Armor
36:16 Iron Casting
38:31 Imperial Age
37:23 Murder Holes
39:08 Padded Archer Armor
38:59 Fletching
39:02 Gambesons
39:18 Squires
38:41 Eagle Warrior
39:52 Conscription
38:56 Elite Jaguar Warrior
40:49 Conscription
42:15 Garland Wars
49:45 Plate Mail Armor
50:15 Blast Furnace
49:43 Ballistics
50:24 Chemistry
49:26 Atlatl
51:48 Onager
52:08 Elite Eagle Warrior
53:09 Redemption
53:00 Atonement
53:10 Fervor
53:16 Block Printing
53:27 Illumination
53:02 Devotion
53:07 Atonement
53:22 Fervor
53:33 Sanctity
53:20 Devotion
53:46 Illumination
53:37 Block Printing
53:17 Herbal Medicine
53:58 Theocracy
53:44 Heresy
57:38 Faith
59:03 Gold Mining
59:48 Stone Shaft Mining
Connection lost

Rejoining the realm…

Still unreachable

The connection could not be restored.

Session expired

The server has moved on; the page needs a fresh start.